 Dungeon Crawl Stone Soup version 0.21.1-1-g345015fe64 (webtiles) character file.

30307 JuliusFucik the Severer (level 13, 0/109 HPs)
             Began as a Minotaur Berserker on June 9, 2018.
             Was a High Priest of Trog.
             Slain by a hornet (6 damage)
             ... on level 6 of the Lair of Beasts.
             The game lasted 01:44:18 (12939 turns).

JuliusFucik the Severer (Minotaur Berserker)       Turns: 12939, Time: 01:44:18

Health: 0/109      AC: 21    Str: 26    XL:     13   Next: 19%
Magic:  12/12      EV: 12    Int:  4    God:    Trog [*****.]
Gold:   716        SH:  0    Dex: 15    Spells: 12/12 levels left

rFire    . . .     SeeInvis .   T - +4 battleaxe of Tefetsagu {vamp, Dex+4}
rCold    . . .     Gourm    .   (shield currently unavailable)
rNeg     + . .     Faith    .   y - +1 plate armour
rPois    .         Spirit   .   V - +0 hat
rElec    .         Reflect  .   L - +0 cloak
rCorr    .         Harm     .   d - +0 pair of gloves
MR       +....     Clarity  +   (no boots)
Stlth    ..........             s - amulet of rage
HPRegen  0.28/turn              u - +1 ring of slaying
MPRegen  0.13/turn              O - ring of positive energy

@: lethally poisoned (0 -> -5), barbed spikes, berserk cooldown, very slow
A: retaliatory headbutt, horns 2, clarity, frail 1, magic resistance 1
a: Berserk, Trog's Hand, Brothers in Arms, Burn Spellbooks, Renounce Religion,
Evoke Berserk Rage


You were on level 6 of the Lair of Beasts.
You worshipped Trog.
Trog was extremely pleased with you.
You were near starving.

You visited 3 branches of the dungeon, and saw 16 of its levels.

You collected 716 gold pieces.

Inventory:

Hand Weapons
 a - a +0 hand axe
 h - a +5 battleaxe of flaming
 j - a +3 triple sword of holy wrath
 m - a +0 hunting sling of freezing
 C - a +1 hand axe
 Q - the +8 battleaxe of Namnakug (quivered) {holy, rC+ Dex+3 SInv}
   (You acquired it on level 1 of the Lair of Beasts)

   It has been blessed by the Shining One to cause great damage to the undead
   and demons.
   It affects your dexterity (+3).
   It protects you from cold.
   It lets you see invisible.
 T - the +4 battleaxe of Tefetsagu (weapon) {vamp, Dex+4}
   (Trog gifted it to you on level 1 of the Lair of Beasts)

   It inflicts no extra harm, but heals its wielder when it wounds a living foe.
   It affects your dexterity (+4).
Missiles
 g - 2 throwing nets
Armour
 d - a +0 pair of gloves (worn)
 y - a +1 plate armour (worn)
 L - a +0 cloak (worn)
 V - a +0 hat (worn)
 Z - a +1 chain mail of poison resistance
Jewellery
 s - an amulet of rage (around neck)
 u - a +1 ring of slaying (left hand)
 v - an uncursed ring of poison resistance {unknown}
 G - an uncursed ring of flight
 O - a ring of positive energy (right hand)
Wands
 b - a wand of polymorph (8)
 F - a wand of digging (11)
 H - a wand of iceblast (11)
 M - a wand of acid (12)
 X - a wand of scattershot (4)
Scrolls
 e - a scroll of vulnerability
 k - 10 scrolls of teleportation
 l - 2 scrolls of remove curse
 q - 2 scrolls of amnesia
 r - 4 scrolls of magic mapping
 x - 5 scrolls of identify
 D - 4 scrolls of enchant armour
 S - 2 scrolls of random uselessness
 U - a scroll of fear
 W - a scroll of blinking
Potions
 f - a potion of degeneration
 n - a potion of might
 p - a potion of invisibility
 N - 3 potions of magic
 R - 2 potions of lignification
Miscellaneous
 t - a lamp of fire
Comestibles
 c - 11 rations
 i - 5 chunks of flesh


   Skills:
 * Level 13.0 Fighting
 * Level 15.7 Axes
 * Level 14.7 Armour
 + Level 8.3 Dodging
 - Level 1.2 Stealth
 - Level 0.1 Evocations


You had 12 spell levels left.
You didn't know any spells.

Dungeon Overview and Level Annotations

Branches:
Dungeon (9/15)             Temple (1/1) D:5            Lair (6/6) D:9
 Spider (0/4) Lair:3        Slime (0/5) Lair:5          Orc (0/2) D:9
  Swamp: Lair:2-4    Shoals: Lair:2-4

Altars:
Ashenzari
Cheibriados
Dithmenos
Elyvilon
Fedhas
Gozag
Hepliaklqana
Kikubaaqudgha
Makhleb
Nemelex Xobeh
Okawaru
Qazlal
Sif Muna
Trog
Uskayaw
Vehumet
Wu Jian
Xom
Yredelemnul
Zin
The Shining One
Lugonu

Shops:
D:6 ?

Annotations:
D:8 exclusions: obsidian statue and orange crystal statue
Lair:1 exclusion: 4 oklob plants
Lair:2 exclusion: oklob plant


Innate Abilities, Weirdness & Mutations

You reflexively headbutt those who attack you in melee.
You have a pair of horns on your head.
You possess an exceptional clarity of mind.
You are frail. (-10% HP)
You are resistant to hostile enchantments. (MR+)


Message History

The polar bear claws you but does no damage.
The polar bear claws you.
* * * LOW HITPOINT WARNING * * *
The death yak gores you!
* * * LOW HITPOINT WARNING * * *
The hornet closely misses you.
The manticore bites you but does no damage.
The manticore claws you but does no damage.
The manticore closely misses you.
The merfolk avatar chants a haunting song.
You are unaffected.
You slash the death yak!
You feel better.
The death yak is almost dead.
You slash the manticore! You barely miss the polar bear.
You closely miss the hornet.
Your plate armour prevents you from hitting the death yak.
The polar bear barely misses you.
The polar bear claws you but does no damage.
The polar bear barely misses you. The hornet stings you.
You die...

.......................
..............†.........
........................
............†......†.†.†
.....................†..
.......Y†...............
.....YYY................
.≈≈≈≈YHYY≈...≈≈≈.≈≈≈...[
##≈≈##@≈##≈≈##≈≈##≈....
#≈≈lhy≈##≈≈.#≈≈..≈....
≈≈≈≈≈≈YY≈≈≈P≈≈≈≈≈≈≈.....
P.#≈≈P#≈≈#≈≈≈## ≈≈≈≈....
#P≈≈≈≈m≈≈≈≈≈≈#
#≈≈≈≈≈≈#≈≈≈P≈#
#8≈≈≈≈#≈≈≈ ≈8# #####.
..#####


You could see a merfolk avatar, 2 death yaks, an elephant, a manticore, a polar
bear (berserk), a komodo dragon, a hornet and 6 dream sheep.

Vanquished Creatures
  2 hydras
  2 death yaks (Lair:6)
  2 dancing weapons (D:7)
  4 lindwurms (Lair:3)
  The ghost of PikkenKukken the Poker, a novice MfIE (D:5)
  A manticore (Lair:6)
  5 elephants
  3 black mambas
  A torpor snail (Lair:6)
  6 spiny frogs
  6 rime drakes (Lair:6)
  5 komodo dragons
  2 polar bears
  The ghost of Tali the Chopper, an amateur MiFi (D:4)
  A wind drake (Lair:6)
  A hornet (Lair:5)
  Grinder (D:7)
  11 blink frogs
  5 hippogriffs
  8 spriggans (Lair:5)
  A wyvern (Lair:6)
  Eustachio (D:5)
  16 yaks
  4 basilisks
  4 wargs (D:9)
  Duvessa (D:5)
  6 water moccasins
  6 porcupines
  An ice beast (D:7)
  2 phantoms
  2 black bears
  A centaur (D:7)
  2 ogres (D:6)
  9 wolves
  8 crocodiles
  Blork the orc (D:5)
  16 bullfrogs
  Dowan (D:5)
  3 scorpions
  24 killer bees
  An electric eel (Lair:1)
  4 crimson imps
  A bullfrog zombie (D:9)
  3 hounds
  10 jellies
  A gnoll shaman (D:4)
  2 orc wizards
  A centaur skeleton (D:7)
  11 worker ants
  A hound zombie (D:9)
  13 gnolls
  12 adders
  A shadow imp (D:8)
  7 oozes
  2 adder skeletons (D:7)
  2 worms
  4 dart slugs
  7 leopard geckos
  8 orcs
  8 giant cockroaches
  8 goblins
  8 hobgoblins
  8 jackals
  6 kobolds
  2 quokkas
  3 ball pythons
  8 bats
  3 frilled lizards
  A leopard gecko skeleton (D:8)
  A leopard gecko zombie (D:8)
  4 rats
  A bush (Lair:4)
  11 fungi
  8 plants
348 creatures vanquished.

Vanquished Creatures (collateral kills)
  A death yak (Lair:6)
  A dream sheep (Lair:6)
  2 yaks (Lair:6)
4 creatures vanquished.

Vanquished Creatures (others)
  4 plants
4 creatures vanquished.

Grand Total: 356 creatures vanquished

Notes
Turn   | Place    | Note
-------+----------+-------------------------------------------
     0 | D:1      | JuliusFucik the Minotaur Berserker began the quest for the Orb.
     0 | D:1      | Reached XP level 1. HP: 19/19 MP: 0/0
    55 | D:1      | Reached skill level 4 in Axes
    55 | D:1      | Reached XP level 2. HP: 27/27 MP: 1/1
   413 | D:1      | Reached XP level 3. HP: 31/33 MP: 2/2
   633 | D:2      | Found a blossoming altar of Fedhas.
   690 | D:2      | Reached ** piety under Trog
   727 | D:2      | Found a faded altar of an unknown god.
  1034 | D:2      | Found a deep blue altar of Sif Muna.
  1090 | D:2      | Found an opulent altar of Gozag.
  1090 | D:2      | Found a glowing silver altar of Zin.
  1223 | D:2      | Reached XP level 4. HP: 40/40 MP: 3/3
  1314 | D:2      | Reached skill level 5 in Axes
  1568 | D:2      | Gained mutation: Your body sometimes deteriorates upon taking damage. [potion of mutation]
  1568 | D:2      | Gained mutation: Your muscles are strong. (Str +2) [potion of mutation]
  1644 | D:3      | Noticed a phantom
  1671 | D:3      | Killed a phantom
  1671 | D:3      | Reached XP level 5. HP: 36/46 MP: 4/4
  1873 | D:3      | Found a shimmering altar of Xom.
  2036 | D:3      | Reached skill level 6 in Axes
  2344 | D:4      | Reached *** piety under Trog
  2417 | D:4      | Reached XP level 6. HP: 52/52 MP: 5/5
  2704 | D:4      | Found a white marble altar of Elyvilon.
  2719 | D:4      | Noticed Tali's ghost (amateur MiFi)
  2735 | D:4      | Killed Tali's ghost
  2735 | D:4      | Reached skill level 7 in Axes
  2735 | D:4      | Reached skill level 5 in Armour
  2735 | D:4      | Reached XP level 7. HP: 53/60 MP: 6/6
  2801 | D:5      | Entered Level 5 of the Dungeon
  2801 | D:5      | Noticed Grinder
  2964 | D:4      | Found a shattered altar of Ashenzari.
  3068 | D:5      | Noticed Blork the orc
  3078 | D:5      | Killed Blork the orc
  3112 | D:5      | Noticed Eustachio
  3114 | D:5      | Noticed PikkenKukken's ghost (novice MfIE)
  3123 | D:5      | Killed Eustachio
  3135 | D:5      | Killed PikkenKukken's ghost
  3135 | D:5      | Reached skill level 5 in Fighting
  3135 | D:5      | Reached skill level 8 in Axes
  3135 | D:5      | Reached XP level 8. HP: 68/68 MP: 7/7
  3245 | D:5      | Reached skill level 9 in Axes
  3253 | D:5      | Found a staircase to the Ecumenical Temple.
  3429 | D:5      | Noticed Dowan
  3430 | D:5      | Noticed Duvessa
  3438 | D:5      | Killed Duvessa
  3439 | D:5      | Killed Dowan
  3490 | D:5      | Found a sparkling altar of Nemelex Xobeh.
  3645 | Temple   | Entered the Ecumenical Temple
  4302 | D:6      | Found a burning altar of Makhleb.
  4302 | D:6      | Found a radiant altar of Vehumet.
  4325 | D:6      | Found Oczicier's Magic Scroll Emporium.
  4557 | D:6      | Reached skill level 10 in Axes
  4775 | D:7      | Reached XP level 9. HP: 60/74 MP: 8/8
  4938 | D:7      | Found a shadowy altar of Dithmenos.
  4952 | D:7      | Reached **** piety under Trog
  4994 | D:7      | Killed Grinder
  4994 | D:7      | Reached skill level 11 in Axes
  5381 | D:7      | Reached skill level 5 in Dodging
  5597 | D:7      | Found a stormy altar of Qazlal.
  6050 | D:8      | Got an ichor-stained falchion
  6065 | D:8      | Reached skill level 10 in Armour
  6102 | D:8      | Noticed an orange crystal statue
  6127 | D:8      | Noticed a two-headed ogre
  6212 | D:8      | Reached XP level 10. HP: 15/86 MP: 9/9
  6504 | D:8      | Found a snail-covered altar of Cheibriados.
  6581 | D:8      | Noticed an obsidian statue
  6604 | D:8      | Found an ornate altar of the Wu Jian Council.
  6881 | D:7      | Noticed an enchanted hand axe
  6881 | D:7      | Noticed a hand axe
  6885 | D:7      | Found a hide-covered altar of Uskayaw.
  6907 | D:7      | Killed a hand axe
  6907 | D:7      | Reached skill level 12 in Axes
  6931 | D:7      | Killed an enchanted hand axe
  7306 | D:9      | Found a staircase to the Orcish Mines.
  7606 | D:9      | Reached ***** piety under Trog
  7809 | D:9      | Found a staircase to the Lair.
  7838 | Lair:1   | Entered Level 1 of the Lair of Beasts
  8090 | Lair:1   | Reached skill level 13 in Axes
  8104 | Lair:1   | Identified a scroll of acquirement
  8107 | Lair:1   | Got a polished battleaxe
  8108 | Lair:1   | Identified the +8 battleaxe of Namnakug {holy, rC+ Dex+3 SInv} (You acquired it on level 1 of the Lair of Beasts)
  8126 | Lair:1   | Reached skill level 1 in Stealth
  8264 | Lair:1   | Noticed an oklob plant
  8264 | Lair:1   | Noticed an oklob plant
  8264 | Lair:1   | Noticed an oklob plant
  8264 | Lair:1   | Noticed an oklob plant
  8264 | Lair:1   | Noticed a five-headed hydra
  8266 | Lair:1   | Noticed a spiny frog
  8271 | Lair:1   | Killed a spiny frog
  8280 | Lair:1   | Killed a ten-headed hydra
  8280 | Lair:1   | Reached XP level 11. HP: 56/97 MP: 10/10
  8709 | Lair:1   | Lost mutation: Your muscles are strong. (Str +2) [potion of mutation]
  8709 | Lair:1   | Lost mutation: Your body sometimes deteriorates upon taking damage. [potion of mutation]
  8709 | Lair:1   | Gained mutation: Armour fits poorly on your strangely shaped body. [potion of mutation]
  8709 | Lair:1   | Lost mutation: Armour fits poorly on your strangely shaped body. [potion of mutation]
  8709 | Lair:1   | Gained mutation: You are partially covered in large bone plates. (SH +4) [potion of mutation]
  8709 | Lair:1   | Gained mutation: Your flesh is cold resistant. (rC+) [potion of mutation]
  8737 | Lair:1   | Received a gift from Trog
  8742 | Lair:1   | Got a twisted battleaxe {god gift}
  9051 | Lair:2   | Noticed an oklob plant
  9490 | Lair:2   | Identified the +4 battleaxe of Tefetsagu {vamp, Dex+4} (Trog gifted it to you on level 1 of the Lair of Beasts)
  9639 | Lair:3   | Reached skill level 10 in Fighting
  9831 | Lair:3   | Reached skill level 14 in Axes
 10253 | Lair:3   | Noticed a lindwurm
 10266 | Lair:3   | Noticed a lindwurm
 10439 | Lair:3   | Found a hole to the Spider Nest.
 10602 | Lair:3   | Noticed a lindwurm
 10861 | Lair:4   | Reached XP level 12. HP: 110/110 MP: 11/11
 11628 | Lair:5   | Found a staircase to the Slime Pits.
 11978 | Lair:5   | Received a gift from Trog
 12209 | Lair:5   | Reached skill level 15 in Axes
 12315 | Lair:5   | Lost mutation: Your flesh is cold resistant. (rC+) [potion of mutation]
 12315 | Lair:5   | Lost mutation: You are partially covered in large bone plates. (SH +4) [potion of mutation]
 12315 | Lair:5   | Gained mutation: You are frail. (-10% HP) [potion of mutation]
 12315 | Lair:5   | Gained mutation: You possess an exceptional clarity of mind. [potion of mutation]
 12315 | Lair:5   | Gained mutation: You are resistant to hostile enchantments. (MR+) [potion of mutation]
 12717 | Lair:6   | Entered Level 6 of the Lair of Beasts
 12792 | Lair:6   | Noticed a six-headed hydra
 12799 | Lair:6   | Killed an eight-headed hydra
 12892 | Lair:6   | Reached XP level 13. HP: 107/107 MP: 12/12
 12938 | Lair:6   | HP: 2/109 [death yak (11)]
 12939 | Lair:6   | Slain by a hornet

Skill      XL: |  1  2  3  4  5  6  7  8  9 10 11 12 13 |
---------------+----------------------------------------+-----
Axes           | 4 5 6 7 8 10 11 13 14 15 | 15.7
Fighting       | 4 5 7 9 11 12 13 | 13.0
Armour         | 3 4 5 7 8 10 12 13 14 | 14.7
Dodging        | 3 4 5 6 8 |  8.3
Stealth        | 1 |  1.2
Evocations     | |  0.1

Action                   |  1- 3 |  4- 6 |  7- 9 | 10-12 | 13-15 || total
-------------------------+-------+-------+-------+-------+-------++-------
Melee: Hand axe          |    92 |   101 |   285 |   160 |       ||   638
       Headbutt          |    19 |    27 |    64 |   144 |    11 ||   265
       Battleaxe         |       |       |       |   414 |    27 ||   441
Invok: Berserk           |     2 |     4 |     7 |     4 |     1 ||    18
       Burn Spellbooks   |       |       |     1 |     2 |       ||     3
       Brothers in Arms  |       |       |       |       |     1 ||     1
 Abil: Evoke Flight      |       |       |       |     1 |       ||     1
Evoke: Wand              |       |       |       |     1 |       ||     1
  Use: Scroll            |     1 |     5 |     6 |     8 |       ||    20
       Potion            |       |     2 |     1 |    12 |     2 ||    17
  Eat: Chunk             |     2 |     8 |    14 |    14 |       ||    38
       Ration            |       |       |     1 |     5 |       ||     6
Armor: Animal skin       |     1 |       |       |       |       ||     1
       Ring mail         |    24 |    17 |       |       |       ||    41
       Chain mail        |       |    30 |       |       |       ||    30
       Scale mail        |       |     1 |       |       |       ||     1
       Plate armour      |       |     6 |   183 |   364 |    45 ||   598
Dodge: Dodged            |    49 |    66 |   145 |   290 |    41 ||   591
Block: Other             |       |       |       |    53 |       ||    53
